 Dungeon Crawl Stone Soup version 0.30-a0-743-gbfdf073431 (webtiles) character file.

Game seed: 12444229969411448336

20297 ryw the Cleaver (level 12, -9/107 HPs)
             Began as a Hill Orc Berserker on Feb 6, 2023.
             Was a High Priest of Trog.
             Mangled by Jorgrun
             ... wielding a staff of earth
              (16 damage)
             ... on level 12 of the Dungeon.
             The game lasted 00:23:02 (11023 turns).

ryw the Cleaver (Hill Orc Berserker)               Turns: 11023, Time: 00:23:03

Health: -9/107     AC: 17    Str: 29    XL:     12   Next: 78%
Magic:  21/21      EV: 13    Int:  7    God:    Trog [*****.]
Gold:   1119       SH:  6    Dex: 12    Spells: 11/11 levels left

rFire   . . .      SeeInvis .    J - +7 demon whip of the Coin {distort, Str+4}
rCold   . . .      Faith    .    p - +0 buckler
rNeg    . . .      Spirit   .    A - +4 ring mail
rPois   .          Reflect  .    w - +2 helmet
rElec   .          Harm     .    (no cloak)
rCorr   .          Rampage  .    r - +0 pair of gloves
Will    +....                    K - +0 pair of boots
Stlth   +                        s - amulet of regeneration
HPRegen 1.17/turn                F - ring of Paranoia {Will+ Int-4 Dex+2 Slay+4}
MPRegen 0.17/turn                L - ring "Agoq" {Wiz MP+9 Int+4 Slay+2}

@: about to teleport
A: no striking features
a: Renounce Religion, Berserk, Trog's Hand, Brothers in Arms


You were on level 12 of the Dungeon.
You worshipped Trog.
Trog was extremely pleased with you.
You visited 1 branch of the dungeon, and saw 12 of its levels.
You also visited: Ossuary.

You collected 1119 gold pieces.

Inventory:

Hand Weapons
 C - a +1 vampiric war axe
 J - the +7 demon whip of the Coin (weapon) {distort, Str+4}
   (You took it off a centaur warrior on level 8 of the Dungeon)

   Str:       It affects your strength (+4).
Missiles
 a - a throwing net
 j - 14 boomerangs (quivered)
 m - 15 poisoned darts
 H - 4 silver boomerangs
 M - 5 curare-tipped darts
Armour
 p - a +0 buckler (worn)
 r - a +0 pair of gloves (worn)
 w - a +2 helmet (worn)
 A - a +4 ring mail (worn)
 K - a +0 pair of boots (worn)
Jewellery
 s - an amulet of regeneration (around neck)
 F - the ring of Paranoia (left hand) {Will+ Int-4 Dex+2 Slay+4}
   (You found it on level 7 of the Dungeon)

   [ring of slaying]

   Int:       It affects your intelligence (-4).
   Dex:       It affects your dexterity (+2).
   Slay:      It affects your accuracy & damage with ranged weapons and melee
   (+4).
   Will:      It increases your willpower.
 I - a ring of willpower
 L - the ring "Agoq" (right hand) {Wiz MP+9 Int+4 Slay+2}
   (You took it off a centaur warrior on level 8 of the Dungeon)

   [ring of wizardry]

   It improves your spell success rate.
   Int:       It affects your intelligence (+4).
   Slay:      It affects your accuracy & damage with ranged weapons and melee
   (+2).
   MP:        It affects your magic capacity (+9).
Wands
 y - a wand of mindburst (4)
 G - a wand of polymorph (1)
Scrolls
 f - 7 scrolls of teleportation
 i - a scroll of silence
 k - 3 scrolls of immolation
 l - 2 scrolls of magic mapping
 n - a scroll of enchant weapon
 u - 3 scrolls of poison
 B - a scroll of brand weapon
 D - a scroll of fear
 N - a scroll of blinking
Potions
 b - 3 potions of flight
 c - 2 potions of haste
 d - 3 potions of lignification
 e - 4 potions of might
 g - 6 potions of curing
 h - 2 potions of resistance
 o - 4 potions of mutation
 q - 3 potions of berserk rage
 t - a potion of cancellation {unknown}
 v - 4 potions of degeneration
 x - a potion of ambrosia {unknown}
 z - a potion of heal wounds
 E - a potion of attraction {unknown}


   Skills:
 + Level 10.4 Fighting
 - Level 13.4(14.1) Axes
 * Level 6.2(9.6) Maces & Flails
 + Level 7.4 Throwing
 + Level 9.2 Armour
 + Level 6.1 Dodging
 + Level 8.5 Shields


You had 11 spell levels left.
You didn't know any spells.
Your spell library was empty.

Dungeon Overview and Level Annotations

Branches:
Dungeon (12/15)            Temple (0/1) D:6            Lair (0/5) D:10
    Orc (0/2) D:9         Ossuary (visited)

Altars:
Cheibriados
Fedhas
Kikubaaqudgha
Nemelex Xobeh
Qazlal
Uskayaw
Wu Jian

Shops:
D:4 *:   D:5 (   D:9 ?   D:12 !(

Annotations:
D:8 2 transporters, porpoise's ghost, novice HOMo
D:12 Jorgrun


Message History

Jorgrun gestures at you while chanting.
Roots burst forth from the earth!
The grasping roots grab you! The grasping roots constrict you.
You whack Jorgrun!
Jorgrun is lightly wounded.
Jorgrun hits you with a staff of earth! The grasping roots constrict you.
You hit Jorgrun.
Space warps around Jorgrun.
Jorgrun is lightly wounded.
You miss Jorgrun.
Jorgrun is lightly wounded.
You block Jorgrun's attack. The grasping roots constrict you.
The deep elf pyromancer gestures wildly while chanting.
You closely miss Jorgrun.
Jorgrun is lightly wounded.
Jorgrun hits you with a staff of earth! The grasping roots constrict you.
The deep elf pyromancer mumbles some strange words.
The deep elf pyromancer blinks!
The cyclops throws a large rock.
The large rock hits you!!
* * * LOW HITPOINT WARNING * * *
You escape the roots grasp.
The fire elemental barely misses you. The fire elemental hits you.
The fire elemental burns you!
* * * LOW HITPOINT WARNING * * *
As you read the scroll of teleportation, it crumbles to dust.
You feel strangely unstable. The fire elemental hits you.
The fire elemental burns you!
* * * LOW HITPOINT WARNING * * *
Jorgrun says, "'tis place shall be yer tomb!"
Jorgrun barely misses you.
You feel much better. The fire elemental hits you.
The fire elemental burns you!
* * * LOW HITPOINT WARNING * * *
The fire elemental hits you. The fire elemental burns you!
* * * LOW HITPOINT WARNING * * *
Jorgrun hits you with a staff of earth!
* * * LOW HITPOINT WARNING * * *
Jorgrun shatters you.
* * * LOW HITPOINT WARNING * * *
Jorgrun attacks as you move away! Jorgrun hits you with a staff of earth!
You die...

.............###
......#........# #
......###.....!# .#
......# #.[....#######.#
#########.......°......#
........##.#........#
...........#.○......##
.......#.∩.#.EE.......
...$.........@ge......
.......#####.##C..#.!.
....... #....^.....
....... ###..#.....
####### #.#..... .......
#...... ......


You could see Jorgrun, a cyclops, a deep elf pyromancer and 2 fire elementals.

Vanquished Creatures
  3 centaur warriors (D:8)
  A two-headed ogre (D:8)
  A tengu warrior (D:8)
  Sonja (D:11)
  4 skeletal warriors
  Lodul (D:11)
  2 cyclopes
  4 trolls
  Prince Ribbit (D:6)
  A hornet (D:8)
  2 shadows
  3 wraiths (D:11)
  19 yaks
  A vampire (D:11)
  2 wyverns (D:8)
  Grum (D:8)
  3 steam dragons
  Menkaure (D:6)
  A water moccasin (D:8)
  2 acid dragons
  3 ice beasts
  5 orc warriors
  3 sky beasts
  3 black bears
  4 ogres (D:11)
  3 centaurs
  5 wolves
  A kobold brigand (D:8)
  A gnoll sergeant (D:7)
  8 bullfrogs
  A necrophage (D:6)
  4 scorpions
  5 water moccasin zombies (Ossuary)
  14 wights
  4 killer bees
  3 howler monkeys (D:8)
  3 electric eels (D:10)
  8 orc priests
  8 hounds
  An iguana (D:5)
  4 jellies
  A gnoll bouda (D:8)
  6 orc wizards
  2 mummies (Ossuary)
  Robin (D:3)
  8 gnolls
  12 adders
  A white imp (D:8)
  3 ufetubi
  3 adder zombies (Ossuary)
  3 worms
  A dart slug (D:4)
  40 orcs
  8 endoplasms
  6 giant cockroaches
  16 goblins
  6 hobgoblins
  3 jackals (D:1)
  10 kobolds
  A quokka (D:1)
  8 ball pythons
  10 bats
  6 frilled lizards
  4 gnoll zombies (Ossuary)
  5 hobgoblin zombies (Ossuary)
  8 kobold zombies (Ossuary)
  5 orc zombies (Ossuary)
  9 rats
331 creatures vanquished.

Vanquished Creatures (others)
  An orc priest (D:8)
1 creature vanquished.

Grand Total: 332 creatures vanquished

Notes
Turn   | Place    | Note
-------+----------+-------------------------------------------
     0 | D:1      | ryw the Hill Orc Berserker began the quest for the Orb.
     0 | D:1      | Reached XP level 1. HP: 19/19 MP: 1/1
   136 | D:1      | Reached XP level 2. HP: 27/27 MP: 2/2
   469 | D:1      | Reached XP level 3. HP: 27/33 MP: 3/3
   603 | D:1      | Reached ** piety under Trog
  1059 | D:2      | Identified the +0 robe "Ymafadiu" {Int+3}
  1126 | D:2      | Reached XP level 4. HP: 29/40 MP: 4/4
  1307 | D:2      | Reached skill level 5 in Axes
  1749 | D:2      | Found a faded altar of an unknown god.
  1950 | D:3      | Reached skill level 1 in Throwing
  2244 | D:3      | Noticed Robin
  2267 | D:3      | Killed Robin
  2268 | D:3      | Reached XP level 5. HP: 21/46 MP: 5/5
  2477 | D:4      | Reached *** piety under Trog
  2482 | D:4      | Reached skill level 1 in Shields
  2554 | D:4      | Reached XP level 6. HP: 6/53 MP: 6/6
  2842 | D:4      | Reached skill level 6 in Axes
  2921 | D:4      | Found a sand-covered staircase.
  2926 | Ossuary  | Entered an ossuary
  2954 | Ossuary  | Reached XP level 7. HP: 58/60 MP: 7/7
  2963 | Ossuary  | Reached skill level 5 in Fighting
  2967 | Ossuary  | Reached skill level 7 in Axes
  3049 | Ossuary  | Reached **** piety under Trog
  3213 | D:4      | Found Doatu's General Store.
  3214 | D:4      | Found Lomouvem's Book Shoppe.
  3429 | D:5      | Entered Level 5 of the Dungeon
  3645 | D:5      | Reached XP level 8. HP: 68/68 MP: 8/8
  3747 | D:5      | Reached skill level 8 in Axes
  4040 | D:5      | Found Sumioh's Weapon Boutique.
  4375 | D:6      | Found a staircase to the Ecumenical Temple.
  4471 | D:5      | Reached skill level 5 in Armour
  4506 | D:6      | Noticed a shadow
  4516 | D:6      | Killed a shadow
  4517 | D:6      | Reached skill level 9 in Axes
  4559 | D:6      | Reached XP level 9. HP: 76/78 MP: 9/9
  4590 | D:6      | Reached ***** piety under Trog
  4686 | D:6      | Noticed Menkaure
  4693 | D:6      | Killed Menkaure
  4833 | D:6      | Reached skill level 10 in Axes
  4854 | D:6      | Noticed Prince Ribbit
  4870 | D:6      | Killed Prince Ribbit
  5413 | D:7      | Found an ornate altar of the Wu Jian Council.
  5447 | D:7      | Reached skill level 5 in Shields
  5506 | D:7      | Identified the ring of Paranoia {Will+ Int-4 Dex+2 Slay+4}
  5916 | D:8      | Reached XP level 10. HP: 38/86 MP: 10/10
  5958 | D:8      | Reached skill level 11 in Axes
  6000 | D:8      | Reached skill level 5 in Throwing
  6096 | D:8      | Noticed Grum
  6111 | D:8      | Killed Grum
  6245 | D:8      | Found a flagged portal.
  6309 | D:8      | Found a transporter.
  6311 | D:8      | Found a transporter.
  6311 | D:8      | Noticed porpoise's ghost (novice HOMo)
  6319 | D:8      | Noticed a manticore
  6572 | D:8      | Paralysed by a hornet for 2 turns
  6575 | D:8      | Paralysed by a hornet for 3 turns
  6680 | D:8      | Reached skill level 12 in Axes
  6815 | D:8      | Received a gift from Trog
  6941 | D:8      | Noticed a tengu warrior
  6944 | D:8      | Reached XP level 11. HP: 47/95 MP: 11/11
  6956 | D:8      | Killed a tengu warrior
  6960 | D:8      | Identified the +7 demon whip of the Coin {distort, Str+4}
  6960 | D:8      | Identified the ring "Agoq" {Wiz MP+9 Int+4 Slay+2}
  6960 | D:8      | Noticed a centaur warrior
  6970 | D:8      | Noticed a skeletal warrior
  6974 | D:8      | Noticed a two-headed ogre
  6974 | D:8      | Noticed a centaur warrior
  7184 | D:8      | Found a sparkling altar of Nemelex Xobeh.
  7459 | D:8      | Noticed a centaur warrior
  7499 | D:8      | Killed a centaur warrior
  7597 | D:8      | Killed a two-headed ogre
  7598 | D:8      | Reached skill level 13 in Axes
  7614 | D:8      | Killed a centaur warrior
  7688 | D:8      | Killed a skeletal warrior
  7689 | D:8      | Reached skill level 5 in Dodging
  7772 | D:8      | Killed a centaur warrior
  8128 | D:9      | Reached skill level 1 in Maces & Flails
  8169 | D:9      | Found a staircase to the Orcish Mines.
  8305 | D:9      | Found a blossoming altar of Fedhas.
  8305 | D:9      | Found a faded altar of an unknown god.
  8311 | D:9      | Found a hide-covered altar of Uskayaw.
  8315 | D:9      | Found an ancient bone altar of Kikubaaqudgha.
  8317 | D:9      | Found a stormy altar of Qazlal.
  8347 | D:9      | Found a snail-covered altar of Cheibriados.
  8485 | D:9      | Found Sal Veaf's Magic Scroll Shop.
  8766 | D:10     | Entered Level 10 of the Dungeon
  8811 | D:10     | Noticed a skeletal warrior
  8811 | D:10     | Noticed a skeletal warrior
  8841 | D:9      | Killed a skeletal warrior
  8904 | D:9      | Killed a skeletal warrior
  9159 | D:10     | Reached XP level 12. HP: 105/105 MP: 12/12
  9402 | D:10     | Found a staircase to the Lair.
  9998 | D:11     | Reached skill level 10 in Fighting
 10068 | D:11     | Noticed a two-headed ogre
 10076 | D:11     | Banished a two-headed ogre
 10112 | D:11     | Reached skill level 5 in Maces & Flails
 10418 | D:11     | Received a gift from Trog
 10432 | D:11     | Noticed Sonja
 10444 | D:11     | Killed Sonja
 10499 | D:11     | Noticed Lodul
 10512 | D:11     | Killed Lodul
 10917 | D:12     | Found Ryudecvi's Distillery.
 11002 | D:12     | Found Tanyracy's Weapon Boutique.
 11012 | D:12     | Noticed Jorgrun
 11023 | D:12     | Mangled by Jorgrun

Illustrated notes

Levels and vault maps discovered:
D:1:      wander_arrival_desolate, layout_basic,
          corexii_item_surrounded_by_moat, minmay_cupped
D:2:      layout_basic, nicolae_ecumenical_snake_handling,
          kennysheep_decorative_pillar, chequers_serial_rivers_small_3,
          due_unseen_surprise
D:3:      layout_basic, uniq_robin
D:4:      layout_basic, enter_ossuary_5, nicolae_wooded_promenade,
          minmay_misc_feat_five, hangedman_abyss_or_decor_stabs,
          chequers_serial_rivers_marsh
D:5:      layout_basic, portal_sewer_entry_d, serial_shops, shop
D:6:      layout_gridville, minmay_temple_entry_offerings, uniq_prince_ribbit1,
          uniq_menkaure
D:7:      layout_basic, nicolae_wu_jian_wuxing_cycle, serial_curves,
          eino_curves_01, eino_curves_03
D:8:      minmay_the_grid_triangle_9x9_rhombus_full
          [minmay_the_grid_triangle_9x9_descending_squares,
          minmay_the_grid_triangle_9x9_dagger,
          minmay_the_grid_triangle_9x9_corrupted_corridor,
          minmay_the_grid_triangle_9x9_sparse_checkered,
          minmay_the_grid_triangle_9x9_wacky_v,
          minmay_the_grid_triangle_9x9_cache,
          minmay_the_grid_triangle_9x9_stretched_checkered,
          minmay_the_grid_triangle_9x9_prize_schism], layout_layer_cave,
          kennysheep_mini_moat, gammafunk_ghost_arena, enter_bailey_6, uniq_grum
D:9:      layout_cross, chequers_temple_overflow_minitemple, slow_altar_1,
          serial_shops, nicolae_lakefront_shop
D:10:     layout_roguey, erik_lair_island, bh_walls_and_bars
D:11:     layout_basic, uniq_sonja, uniq_lodul
D:12:     layout_basic, serial_shops, nicolae_inconvenience_store,
          nicolae_shop_stone, glass_columns_a, uniq_jorgrun

Skill      XL: |  1  2  3  4  5  6  7  8  9 10 11 12 |
---------------+-------------------------------------+-----
Fighting       | 4 5 6 7 8 9 10 | 10.4
Dodging        | 2 3 4 5 6 |  6.1
Axes           | 5 6 7 9 10 12 13 | 13.4
Throwing       | 1 2 3 4 5 6 7 |  7.4
Armour         | 3 4 5 6 7 8 9 |  9.2
Shields        | 1 2 4 5 6 7 8 |  8.5
Maces & Flails | 3 6 |  6.2

Action                     |  1- 3 |  4- 6 |  7- 9 | 10-12 || total
---------------------------+-------+-------+-------+-------++-------
  Melee: Hand axe          |   120 |   228 |   278 |   227 ||   853
         Punch             |     2 |       |       |       ||     2
         Demon whip        |       |       |       |   234 ||   234
  Throw: Boomerang         |       |       |     8 |    15 ||    23
 Invoke: Trog's Hand       |       |       |       |     4 ||     4
         Berserk           |       |       |       |     2 ||     2
    Use: Scroll            |     2 |     5 |     3 |    16 ||    26
         Potion            |     1 |     2 |       |     4 ||     7
   Stab: Distracted        |       |       |     3 |     7 ||    10
 Armour: Animal skin       |    28 |    28 |       |       ||    56
         Ring mail         |       |    21 |    34 |   148 ||   203
         Plate armour      |       |    26 |    92 |       ||   118
  Dodge: Dodged            |   114 |   114 |    88 |   200 ||   516
  Block: Buckler           |       |    36 |    49 |   104 ||   189

Table legend: (Time is in decaauts)
 A = Elapsed time spent in this place.
 B = Non-inter-level travel time spent in this place.
 C = Inter-level travel time spent in this place.
 D = Time resting spent in this place.
 E = Time spent auto-exploring this place.
 F = Levels seen in this place.
 G = Mean time per level.
                   A        B        C        D        E       F      G
               +--------+--------+--------+--------+--------+-----+--------+
         Total |  10953 |  10565 |    388 |    964 |   7117 |  13 |  842.5 |
       Dungeon |  10717 |  10329 |    388 |    964 |   7037 |  12 |  893.1 |
       Ossuary |    236 |    236 |      0 |      0 |     80 |   1 |  236.0 |
               +--------+--------+--------+--------+--------+-----+--------+

Top non-repeatable levels by time:
     D:8: 2201 daAuts
     D:2: 1050 daAuts
    D:10: 1033 daAuts
     D:5: 980 daAuts
     D:1: 919 daAuts
    D:11: 897 daAuts
     D:6: 820 daAuts
     D:9: 764 daAuts
     D:4: 758 daAuts
     D:7: 648 daAuts
     D:3: 497 daAuts
 Ossuary: 236 daAuts
    D:12: 147 daAuts
